 Dungeon Crawl Stone Soup version 0.15-a0-2075-ga361405 (webtiles) character file.

263 N00bl0rd the Grave Robber (level 5, -4/28 HPs)
             Began as a Deep Elf Necromancer on July 14, 2014.
             Slain by an orc warrior
             ... wielding a +0 halberd
              (9 damage)
             ... on Level 4 of the Dungeon.
             The game lasted 00:13:17 (3198 turns).

N00bl0rd the Grave Robber (Deep Elf Necromancer)    Turns: 3198, Time: 00:13:17

HP  -4/28        AC  2     Str  5      XL: 5   Next: 98%
MP   5/20        EV 13     Int 21      God:
Gold 108         SH  0     Dex 15      Spells:  5 memorised,  3 levels left

rFire  . . .     SeeInvis .     (no weapon)
rCold  . . .     Clarity  .     a - +0 robe
rNeg   . . .     rCorr    .     (no shield)
rPois  .         rRot     .     (no helmet)
rElec  .         Spirit   .     (no cloak)
SustAb .         Warding  .     (no gloves)
rMut   .         Stasis   .     (no boots)
Gourm  +                        y - amulet of the gourmand
MR     .....                    s - ring of wizardry
                                (no ring)

@: not resistant to hostile enchantments, unstealthy
A: no striking features
a: no special abilities


You were on level 4 of the Dungeon.
You were very full.

You visited 1 branch of the dungeon, and saw 4 of its levels.

You collected 108 gold pieces.

Inventory:

Armour
 a - a +0 robe (worn)
Magical devices
 o - a wand of slowing (19) {unknown}
Comestibles
 c - 2 bread rations
 k - 2 beef jerkies
 l - a chunk of bat flesh
Scrolls
 d - a scroll of remove curse
 e - 3 scrolls of identify {unknown}
 g - a scroll of enchant armour {unknown}
 h - a scroll of immolation {unknown}
 i - a scroll of fog {unknown}
 n - 3 scrolls of magic mapping {unknown}
 p - a scroll of random uselessness {unknown}
 r - 2 scrolls of recharging {unknown}
 t - a scroll of enchant weapon {unknown}
Jewellery
 s - a ring of wizardry (right hand)
 y - an amulet of the gourmand (around neck)
Potions
 f - a potion of restore abilities {unknown}
 j - 2 potions of curing {unknown}
 u - a potion of resistance {unknown}
 x - 2 potions of heal wounds {unknown}
Books
 b - a book of Necromancy

   Spells                             Type                      Level
   *Pain                              Necromancy                   1
   *Animate Skeleton                  Necromancy                   1
   *Vampiric Draining                 Necromancy                   3
   *Regeneration                      Charms/Necromancy            3
   Animate Dead                       Necromancy                   4
   *Control Undead                    Necromancy                   4
 m - a book of Air

   Spells                             Type                      Level
   Shock                              Conjuration/Air              1
   Swiftness                          Charms/Air                   2
   Repel Missiles                     Charms/Air                   2
   Flight                             Charms/Air                   3
   Static Discharge                   Conjuration/Air              3
   Lightning Bolt                     Conjuration/Air              5
 q - a book of the Dragon

   Spells                             Type                      Level
   Flight                             Charms/Air                   3
   Cause Fear                         Hexes                        4
   Bolt of Fire                       Conjuration/Fire             6
   Dragon Form                        Transmutation                7
   Dragon's Call                      Summoning                    9


   Skills:
 - Level 2.4 Dodging
 - Level 2.4 Stealth
 * Level 5.9 Spellcasting
 + Level 7.3 Necromancy


You had 3 spell levels left.
You knew the following spells:

 Your Spells              Type           Power        Failure   Level  Hunger
a - Pain                  Necr           ####         1%          1    None
b - Animate Skeleton      Necr           N/A          1%          1    None
c - Vampiric Draining     Necr           #####.....   1%          3    ##.....
d - Regeneration          Chrm/Necr      ###.......   4%          3    ##.....
e - Control Undead        Necr           #####.....   2%          4    ####...


Dungeon Overview and Level Annotations

Branches:
Dungeon (4/15)             Temple (0/1) D:4

Altars:
Ashenzari
Fedhas

Annotations:
D:3 hackum's ghost, average FoFi


Message History

There is an open door here.
Casting: Pain
Confirm with . or Enter, or press ? or * to list all spells.
Aiming: Pain
Press: ? - help, Shift-Dir - straight line, f/p - orc warrior
Aim: an orc warrior, wielding a halberd and wearing a plate armour (moderately wounded)
The orc warrior convulses in agony!
The orc priest prays to Beogh.
You feel a wave of unholy energy pass over you.
Casting: Pain
Confirm with . or Enter, or press ? or * to list all spells.
Aiming: Pain
Press: ? - help, Shift-Dir - straight line, f/p - orc warrior
Aim: an orc warrior, wielding a halberd and wearing a plate armour (heavily wounded)
The orc warrior convulses in agony!
The orc warrior closely misses you.
The orc priest mumbles some strange prayers to Beogh against you.
Something smites you!
* * * LOW HITPOINT WARNING * * *
The orc warrior hits you from afar with a halberd!
You die...

#. #.# #####.## .# #.# #.......
). #.# ##+## #..<..# .# #.#
##...## #..#..# .# #.###
##.....## #....## .# #.#(##
##.......## #...##
.####...o####.........####...####
.%..........'.o.......+......(...
####.#.###..#...@.....####...####
#.#.# #..##.......## ##..# #.#.#
#..###.....## #...# #.... ...#
##...## #.### #####.#### ##'##
#.# #. ####.##### #.# #
#%.......####.#
#.......##..[(......#
#.#####.#...##.######


You could see an orc warrior.

Vanquished Creatures
  A scorpion (D:4)
  A worker ant (D:4)
  7 adders
  2 giant mites (D:3)
  3 worms
  4 giant geckos
  An ooze (D:1)
  An orc (D:3)
  14 bats
  4 giant cockroaches
  7 goblins
  9 hobgoblins
  8 jackals
  2 ball pythons (D:2)
  5 giant newts
  8 kobolds
  6 rats
83 creatures vanquished.

Vanquished Creatures (collateral kills)
  2 adders (D:2)
  A quokka (D:2)
  A giant cockroach (D:1)
  A goblin (D:4)
  A jackal (D:1)
6 creatures vanquished.

Vanquished Creatures (others)
  3 adder skeletons
  7 bat skeletons
  A ball python skeleton (D:2)
  A giant gecko skeleton (D:3)
  4 giant newt skeletons
  2 goblin skeletons
  5 hobgoblin skeletons
  2 jackal skeletons
  4 kobold skeletons
  An orc skeleton (D:3)
  A quokka skeleton (D:2)
  A rat skeleton (D:1)
32 creatures vanquished.

Grand Total: 121 creatures vanquished

Notes
Turn   | Place    | Note
--------------------------------------------------------------
     0 | D:1      | N00bl0rd, the Deep Elf Necromancer, began the quest for the Orb.
     0 | D:1      | Reached XP level 1. HP: 10/10 MP: 5/5
     7 | D:1      | Learned a level 1 spell: Animate Skeleton
    84 | D:1      | Reached skill level 5 in Necromancy
   188 | D:1      | Reached XP level 2. HP: 7/15 MP: 4/8
   974 | D:1      | Reached XP level 3. HP: 13/19 MP: 8/11
   984 | D:1      | Learned a level 3 spell: Vampiric Draining
   988 | D:1      | Learned a level 3 spell: Regeneration
  1124 | D:2      | Found a blossoming altar of Fedhas.
  1300 | D:2      | Reached skill level 6 in Necromancy
  1417 | D:2      | Reached XP level 4. HP: 12/24 MP: 13/15
  1837 | D:2      | Learned a level 4 spell: Control Undead
  2200 | D:3      | Noticed hackum's ghost (average FoFi)
  2287 | D:3      | Reached XP level 5. HP: 25/28 MP: 15/18
  2570 | D:3      | Found a shattered altar of Ashenzari.
  2572 | D:3      | Reached skill level 5 in Spellcasting
  2645 | D:3      | Reached skill level 7 in Necromancy
  3170 | D:4      | Found a staircase to the Ecumenical Temple.
  3177 | D:4      | Noticed an orc warrior
  3198 | D:4      | Slain by an orc warrior

Action                   |  1- 3 |  4- 6 || total
-------------------------+-------+-------++-------
Melee: Unarmed           |     2 |    12 ||    14
 Cast: Pain              |    67 |    98 ||   165
       Animate Skeleton  |    21 |    18 ||    39
       Vampiric Draining |     2 |    10 ||    12
       Regeneration      |     1 |     4 ||     5
       Control Undead    |       |     1 ||     1
  Use: Scroll            |       |     1 ||     1
  Eat: Chunk             |     7 |    15 ||    22
